 Dungeon Crawl Stone Soup version 0.30-a0-341-g682706514a (webtiles) character file.

Game seed: 12828083300229432746

105 lunkers the Cutter (level 5, -3/45 HPs)
             Began as a Meteoran Fighter on Nov 1, 2022.
             Was a Believer of Dithmenos.
             Slain by Menkaure (8 damage)
             ... on level 4 of the Dungeon.
             The game lasted 00:02:01 (977 turns).

lunkers the Cutter (Meteoran Fighter)                Turns: 977, Time: 00:02:02

Health: -3/45      AC:  6    Str: 17    XL:     5   Next: 31%
Magic:  6/6        EV:  9    Int: 10    God:    Dithmenos [**....]
Gold:   77         SH:  5    Dex: 15    Spells: 4/4 levels left

rFire   . . .      SeeInvis .    q - +2 falchion (vorpal)
rCold   . . .      Faith    .    c - +0 buckler
rNeg    . . .      Spirit   .    i - +0 scale mail
rPois   .          Reflect  .    (no helmet)
rElec   .          Harm     .    (no cloak)
rCorr   .          Rampage  .    (no gloves)
Will    .....                    (no boots)
Stlth   ..........               (no amulet)
HPRegen 0.27/turn                (no ring)
MPRegen 0.10/turn                (no ring)

@: mighty, glowing
A: sense surroundings 1, otherworldly, glowing, explore regen
a: Renounce Religion, Shadow Step


You were on level 4 of the Dungeon.
You worshipped Dithmenos.
Dithmenos was pleased with you.
You visited 1 branch of the dungeon, and saw 4 of its levels.

You collected 77 gold pieces.

Inventory:

Hand Weapons
 a - a +2 hand axe of draining
 b - a +0 dagger of speed
 n - a +0 rapier
 q - a +2 vorpal falchion (weapon)
Missiles
 m - a throwing net
Armour
 c - a +0 buckler (worn)
 i - a +0 scale mail (worn)
Scrolls
 e - a scroll of noise {unknown}
 f - a scroll of blinking {unknown}
 j - a scroll of identify {unknown}
 o - a scroll of acquirement {unknown}
 p - a scroll of teleportation {unknown}
Potions
 g - a potion of magic {unknown}
 h - a potion of attraction {unknown}
 k - a potion of heal wounds {unknown}
 l - a potion of degeneration {unknown}


   Skills:
 - Level 3.2 Fighting
 - Level 4.6(4.9) Short Blades
 + Level 2.0(3.9) Long Blades
 - Level 1.1 Axes
 - Level 3.6 Armour
 - Level 3.6 Shields


You had 4 spell levels left.
You didn't know any spells.
Your spell library was empty.

Dungeon Overview and Level Annotations

Branches:
Dungeon (4/15) Zot: 1431
 Temple: D:4-7

Altars:
Ashenzari
Dithmenos
Okawaru

Annotations:
D:4 Menkaure


Innate Abilities, Weirdness & Mutations

You passively map a small area around you.
You are easily found by Zot.
You glow in the dark.
You regain HP and MP as you explore.


Message History

The hound bites you but does no damage.
You slash the hound!
You kill the hound!
Dithmenos accepts your kill.
Menkaure points at you and mumbles some strange words.
You struggle to resist.
Your base Long Blades skill gained 2 levels and is now at level 2!
You have reached level 5!
You barely miss the hobgoblin. The hobgoblin closely misses you.
Menkaure casts a spell.
Menkaure seems to speed up.
You hit the hobgoblin.
The hobgoblin is severely wounded.
The hobgoblin hits you but does no damage.
The hobgoblin closely misses you.
You hit Menkaure but do no damage. Menkaure hits you!!
* * * LOW HITPOINT WARNING * * *
The hobgoblin closely misses you.
You hit Menkaure but do no damage. Menkaure hits you but does no damage.
Menkaure closely misses you. The hobgoblin closely misses you.
Unknown command.
You hit Menkaure but do no damage.
Menkaure calls on the powers of darkness!
Your body is wracked with pain!
* * * LOW HITPOINT WARNING * * *
The hobgoblin barely misses you.
Unknown command.
You feel very mighty all of a sudden. You block Menkaure's attack.
The hobgoblin hits you.
* * * LOW HITPOINT WARNING * * *
Menkaure hits you!
* * * LOW HITPOINT WARNING * * *
You barely miss Menkaure. The hobgoblin hits you.
* * * LOW HITPOINT WARNING * * *
Menkaure hits you.
* * * LOW HITPOINT WARNING * * *
You slash Menkaure!
Menkaure is severely damaged.
The hobgoblin closely misses you. Menkaure hits you!
You die...

* , *, , ......
* , ......
##.#####,
......, .......
......##.#....,
.............,
, .........#..#
* * *
...=..M..#..# ,
,, ,
.....#@##..# *
,, *,
#..g...<.# , ,
#..#..#..# ,
........#..# *
#.<..##..#..#*
, * #....
#..#..., ,
...., ...#..##
* * #...
##..#..# ,,
#.....#


You could see Menkaure (fast) and a hobgoblin.

Vanquished Creatures
  A hound (D:4)
  4 gnolls (D:2)
  A dart slug (D:1)
  4 ball pythons
  8 endoplasms
  2 giant cockroaches
  A goblin (D:3)
  3 hobgoblins
  4 bats
  6 kobolds
  A rat (D:1)
35 creatures vanquished.

Notes
Turn   | Place    | Note
-------+----------+-------------------------------------------
     0 | D:1      | lunkers the Meteoran Fighter began the quest for the Orb.
     0 | D:1      | Reached XP level 1. HP: 19/19 MP: 2/2
    63 | D:1      | Found a faded altar of an unknown god.
    68 | D:1      | Reached XP level 2. HP: 24/26 MP: 3/3
    70 | D:1      | Prayed at the altar of an unknown god.
    70 | D:1      | Became a worshipper of Dithmenos the Shadowed
    70 | D:1      | Reached * piety under Dithmenos
   118 | D:1      | Reached skill level 3 in Short Blades
   291 | D:1      | Reached XP level 3. HP: 28/31 MP: 4/4
   511 | D:2      | Reached skill level 4 in Short Blades
   517 | D:2      | Reached XP level 4. HP: 31/38 MP: 5/5
   857 | D:3      | Reached ** piety under Dithmenos
   858 | D:3      | Reached skill level 1 in Axes
   867 | D:3      | Found an iron altar of Okawaru.
   905 | D:3      | Found a broken altar of Ashenzari.
   965 | D:4      | Noticed Menkaure
   970 | D:4      | Reached XP level 5. HP: 43/45 MP: 6/6
   977 | D:4      | Slain by Menkaure

Illustrated notes

Levels and vault maps discovered:
D:1:      onia_arrival_mini_maze_b, layout_loops_ring, basic_ecumenical_altar
D:2:      layout_loops_ring, wander_ebering_terrifying_dragon_lair
D:3:      layout_rooms, lemuel_doored_altar, okawaru_ov_weapons_minmay,
          minmay_misc_feat_alley
D:4:      layout_basic, old_standard_altar, nicolae_overflow_crystal_walls,
          uniq_menkaure

Skill      XL: |  1  2  3  4 |
---------------+-------------+-----
Short Blades   | 3 4 |  4.6
Axes           | 1 |  1.1
Long Blades    | 2 |  2.0
Fighting       | |  3.2
Armour         | |  3.6
Shields        | |  3.6

Action                   |  1- 3 |  4- 6 || total
-------------------------+-------+-------++-------
Melee: Rapier            |    31 |    12 ||    43
       Dagger            |    41 |       ||    41
       Hand axe          |       |    14 ||    14
       Falchion          |       |    16 ||    16
  Use: Potion            |       |     1 ||     1
Armor: Scale mail        |    18 |    12 ||    30
Dodge: Dodged            |    20 |    17 ||    37
Block: Buckler           |    16 |    10 ||    26

Table legend: (Time is in decaauts)
 A = Elapsed time spent in this place.
 B = Non-inter-level travel time spent in this place.
 C = Inter-level travel time spent in this place.
 D = Time resting spent in this place.
 E = Time spent auto-exploring this place.
 F = Levels seen in this place.
 G = Mean time per level.
                   A        B        C        D        E       F      G
               +--------+--------+--------+--------+--------+-----+--------+
         Total |    967 |    828 |    139 |      0 |    579 |   4 |  241.8 |
       Dungeon |    967 |    828 |    139 |      0 |    579 |   4 |  241.8 |
               +--------+--------+--------+--------+--------+-----+--------+

Top non-repeatable levels by time:
     D:2: 403 daAuts
     D:1: 301 daAuts
     D:3: 247 daAuts
     D:4: 15 daAuts
